 Seeded DCSS version 0.29.1-13-g9f3cf754e1 (webtiles) character file.

Game seed: 16245865983455551772 (custom seed)

249 rddays123 the Chopper (level 6, 0/78 HPs)
             Began as a Hill Orc Fighter on Jan 19, 2023.
             Succumbed to a scorpion's poison
             ... on level 4 of the Dungeon on Jan 20, 2023.
             The game lasted 00:05:12 (2983 turns).

rddays123 the Chopper (Hill Orc Fighter)            Turns: 2983, Time: 00:05:13

Health: 0/78       AC: 23    Str: 21    XL:     6   Next: 12%
Magic:  2/2        EV:  2    Int:  8    God:
Gold:   871        SH:  4    Dex: 10    Spells: 5/5 levels left

rFire   . . .      SeeInvis .   p - +5 demon whip "Spellbinder" {antimagic, Will+}
rCold   . . .      Faith    .   c - +0 buckler
rNeg    . . .      Spirit   .   (body armour currently unavailable)
rPois   +          Reflect  .   (helmet currently unavailable)
rElec   .          Harm     .   (cloak currently unavailable)
rCorr   .          Rampage  .   (gloves currently unavailable)
Will    +....      NoTele   +   (boots currently unavailable)
Stlth   +.........              (no amulet)
HPRegen 0.23/turn               (no ring)
MPRegen 0.08/turn               (no ring)

@: lethally poisoned (0 -> -1), tree-form
A: stationary, stasis, torment immunity, boosted hp
a: no special abilities


You were on level 4 of the Dungeon.
You were a tree.
You visited 1 branch of the dungeon, and saw 4 of its levels.

You collected 871 gold pieces.

Inventory:

Hand Weapons
 a - a +0 war axe
 p - the +5 demon whip "Spellbinder" (weapon) {antimagic, Will+}
   (You acquired it on level 3 of the Dungeon)

   It reduces the magical energy of the wielder, and disrupts the spells and
   magical abilities of those it strikes.
   Natural abilities and divine invocations are not affected.
   It unleashes wild and unpredictable magical effects upon striking a wizard or
   a creature with magical abilities.
   Will:      It increases your willpower.
Armour
 b - a +0 scale mail (melded)
 c - a +0 buckler (worn)
 e - the +0 plate armour of the Arcane {Str+4 Dex+8}
   (You acquired it on level 3 of the Dungeon)

   Str:       It affects your strength (+4).
   Dex:       It affects your dexterity (+8).
Jewellery
 h - a +6 ring of intelligence
 i - a +6 ring of intelligence
Wands
 n - a wand of roots (4)
Scrolls
 g - 2 scrolls of teleportation {unknown}
 j - 3 scrolls of identify {unknown}
 l - a scroll of summoning {unknown}
 m - a scroll of enchant weapon {unknown}
 o - a scroll of noise {unknown}
Potions
 d - 2 potions of might
 f - a potion of flight


   Skills:
 - Level 4.1 Fighting
 - Level 6.1(6.5) Axes
 + Level 2.9(4.3) Maces & Flails
 - Level 3.9 Armour
 - Level 3.6 Shields


You had 5 spell levels left.
You didn't know any spells.
Your spell library contained the following spells:

 Spells                   Type           Power      Damage    Failure   Level
 Sting                    Tmut/Pois      0%         1d3       50%         1
 Poisonous Vapours        Pois/Air       0%         N/A       65%         2
 Olgreb's Toxic Radiance  Pois           0%         N/A       99%         4
 Chain Lightning          Conj/Air       0%         N/A       100%        9
 Fire Storm               Conj/Fire      0%         5d1       100%        9
 Shatter                  Erth           0%         3d5*      100%        9


Dungeon Overview and Level Annotations

Branches:
Dungeon (4/15)
 Temple: D:4-7

Altars:

Shops:
D:3 [   D:4 *[


Message History

* * * LOW HITPOINT WARNING * * *
You block the kobold's attack.
Your base Maces & Flails skill increases to level 2!
You have reached level 6!
You whack the goblin!
You kill the goblin!
* * * LOW HITPOINT WARNING * * *
You feel sick.
* * * LOW HITPOINT WARNING * * *
You feel sick. The kobold barely misses you.
You see here a +0 club.
* * * LOW HITPOINT WARNING * * *
You feel sick. The kobold hits you but does no damage.
You whack the kobold!
You kill the kobold!
* * * LOW HITPOINT WARNING * * *
You feel sick.
* * * LOW HITPOINT WARNING * * *
You feel sick.
Things that are here:
a +0 whip; a kobold corpse
There is a lethal amount of poison in your body!
Welcome back, rddays123 the Hill Orc Fighter.
Game seed: 16245865983455551772 (custom seed) Press ? for a list of commands and other information.
Okay, then.
Welcome back, rddays123 the Hill Orc Fighter.
Game seed: 16245865983455551772 (custom seed) Press ? for a list of commands and other information.
Okay, then.
Okay, then.
It was a potion of flight.
You feel very buoyant.
You fly up into the air.
* * * LOW HITPOINT WARNING * * *
You feel sick.
It was a potion of lignification.
You turn into a tree.
Your +0 scale mail melds into your body.
Your roots penetrate the ground.
You die...

.. #..# .... #..
##...... #..## #.......
#.... #.....# ∩...##
#.....##### .
#.†#####..........
#..##...#8.8.8....#...
#.....♣)..⌠.⌠....#..#
.........#8.∩.8.)...#
##....>#...⌠.⌠....###
.......#..8.8.8...#
#..<...##.....##..###
#...... #...........#
#............###.##.####
#.....≈≈≈≈≈..# #........
≈###≈... #####.###


There were no monsters in sight!

Vanquished Creatures
  A scorpion (D:4)
  An orc priest (D:3)
  Jessica (D:2)
  2 orc wizards (D:3)
  Natasha (D:3)
  An adder (D:2)
  5 orcs (D:3)
  4 ball pythons
  3 bats
  4 endoplasms (D:1)
  4 goblins
  6 hobgoblins
  5 kobolds
  3 quokkas (D:1)
  3 frilled lizards
  6 rats
50 creatures vanquished.

Vanquished Creatures (others)
  A plant (D:3)
1 creature vanquished.

Grand Total: 51 creatures vanquished

Notes
Turn   | Place    | Note
-------+----------+-------------------------------------------
     0 | D:1      | rddays123 the Hill Orc Fighter began the quest for the Orb.
     0 | D:1      | Reached XP level 1. HP: 19/19 MP: 1/1
   177 | D:1      | Reached XP level 2. HP: 22/27 MP: 2/2
   296 | D:1      | Found a faded altar of an unknown god.
   946 | D:1      | Reached skill level 3 in Axes
  1096 | D:1      | Reached XP level 3. HP: 33/33 MP: 3/3
  1290 | D:2      | Noticed Jessica
  1302 | D:2      | Killed Jessica
  1303 | D:2      | Reached skill level 4 in Axes
  1303 | D:2      | Reached XP level 4. HP: 19/38 MP: 4/4
  2256 | D:3      | Found Ymmy Ciutu's Antique Armour Shoppe.
  2265 | D:3      | Reached skill level 5 in Axes
  2271 | D:3      | Reached XP level 5. HP: 4/46 MP: 5/5
  2444 | D:3      | Reached skill level 6 in Axes
  2662 | D:3      | Identified 3 scrolls of acquirement
  2662 | D:3      | Acquired the +5 demon whip "Spellbinder" {antimagic, Will+}
  2662 | D:3      | Found the +5 demon whip "Spellbinder" {antimagic, Will+}
  2669 | D:3      | Acquired 709 gold pieces
  2673 | D:3      | Acquired the +0 plate armour of the Arcane {Str+4 Dex+8}
  2820 | D:3      | Noticed Natasha
  2831 | D:3      | Killed Natasha
  2832 | D:3      | Reached skill level 1 in Maces & Flails
  2950 | D:4      | Found Gamycsypi's Antique Armour Boutique.
  2961 | D:4      | Found Tuuwolaw's General Store.
  2977 | D:4      | Reached XP level 6. HP: 7/52 MP: 2/6
  2980 | D:4      | HP: 2/52 [poisoned by a scorpion]
  2982 | D:4      | Upgraded the game from 0.29.1-12-g30fa7ad0bf to
                  | 0.29.1-13-g9f3cf754e1
  2983 | D:4      | Succumbed to a scorpion's poison

Illustrated notes

Levels and vault maps discovered:
D:1:      minmay_arrival_hallway, layout_loops_corners, basic_ecumenical_altar,
          minmay_unequal
D:2:      layout_loops_ring, uniq_jessica
D:3:      layout_basic, serial_shops, nicolae_shop_advertising_works
          [nicolae_subvault_shop_adworks], minmay_shallow_snake_nest,
          uniq_natasha
D:4:      layout_rooms, grunt_dithmenos_smoke_and_mirrors,
          makhleb_blood_cavern_becter, slow_altar_1, serial_shops,
          nicolae_square_shop, nicolae_shop_temple_entry_statues_fountains,
          kennysheep_mini_moat, chequers_serial_rivers_large_a,
          minmay_fractal_squares_gapless_5

Skill      XL: |  1  2  3  4  5 |
---------------+----------------+-----
Fighting       | 4 |  4.1
Axes           | 3 4 5 6 |  6.1
Maces & Flails | 2 |  2.9
Armour         | |  3.9
Shields        | |  3.6

Action                   |  1- 3 |  4- 6 || total
-------------------------+-------+-------++-------
Melee: War axe           |    59 |    58 ||   117
       Demon whip        |       |    33 ||    33
  Use: Scroll            |       |     3 ||     3
       Potion            |       |     2 ||     2
Armor: Scale mail        |    32 |    44 ||    76
Dodge: Dodged            |    24 |    36 ||    60
Block: Buckler           |    17 |    21 ||    38
